 Dungeon Crawl Stone Soup version 0.30-a0-170-g85af917532 (webtiles) character file.

Game seed: 6598536868874884288

2768 qw the Cleaver (level 9, -2/57 HPs)
             Began as a Gargoyle Fighter on Sept 30, 2022.
             Was a Priest of Okawaru.
             Slain by a gnoll
             ... wielding a +0 flail
             ... led by a gnoll sergeant
              (4 damage)
             ... on level 9 of the Dungeon.
             The game lasted 00:02:30 (8421 turns).

qw the Cleaver (Gargoyle Fighter)                   Turns: 8421, Time: 00:02:31

Health: -2/57      AC: 29    Str: 31    XL:     9   Next: 69%
Magic:  12/12      EV: 10    Int:  8    God:    Okawaru [***...]
Gold:   257        SH:  5    Dex:  9    Spells: 8/8 levels left

rFire   + . .      SeeInvis .    Y - +0 war axe (protect)
rCold   + + +      Faith    .    c - +0 buckler
rNeg    + . .      Spirit   .    g - +0 chain mail
rPois   inf        Reflect  .    u - +1 helmet
rElec   +          Harm     .    s - +0 cloak {Will+}
rCorr   .          Rampage  .    (no gloves)
Will    +....      Clarity  +    (no boots)
Stlth   ..........               (no amulet)
HPRegen 0.19/turn                f - ring "Zibatou" {rF+ rC+ Str+6}
MPRegen 0.13/turn                k - ring of protection from cold

@: heroic, under a protective aura
A: sickness immunity, AC +6, negative energy resistance 1, electricity
resistance, torment resistance 1, petrification resistance, clarity, cold
resistance 1, wild magic 1
a: Renounce Religion, Heroism


You were on level 9 of the Dungeon.
You worshipped Okawaru.
Okawaru was most pleased with you.
You visited 2 branches of the dungeon, and saw 10 of its levels.

You collected 506 gold pieces.
You spent 249 gold pieces at shops.


Innate Abilities, Weirdness & Mutations

You are immune to sickness and miasma.
Your stone body is resilient. (AC +6)
You are immune to poison.
You resist negative energy. (rN+)
You are resistant to electric shocks. (rElec)
You are resistant to unholy torment.
You are immune to petrification.
You possess an exceptional clarity of mind.
Your flesh is cold resistant. (rC+)
Your spells are a little harder to cast, but a little more powerful.


   Skills:
 - Level 7.0(12.0) Fighting
 + Level 9.0(14.0) Axes
 - Level 2.0(7.0) Throwing
 - Level 5.2(10.2) Armour
 - Level 1.5(6.5) Dodging
 - Level 4.0(9.0) Shields
 - Level 4.0 Invocations


You had 8 spell levels left.
You didn't know any spells.
Your spell library was empty.

Inventory:

Hand Weapons
 h - a +0 flail
 Y - a +0 war axe of protection (weapon)
Missiles
 w - 2 javelins (quivered)
Armour
 c - a +0 buckler (worn)
 g - a +0 chain mail (worn)
 j - the +2 pair of boots of Kurafep {Harm +Inv rF- Dex-3}
   (You found it on level 2 of the Dungeon)

   Dex:       It affects your dexterity (-3).
   rF:        It makes you vulnerable to fire.
   +Inv:      It lets you turn invisible.
   Harm:      It increases damage dealt and taken.
 s - a +0 cloak of willpower (worn)
 u - a +1 helmet (worn)
Jewellery
 f - the ring "Zibatou" (left hand) {rF+ rC+ Str+6}
   (You found it on level 3 of the Dungeon)

   [ring of strength]

   Str:       It affects your strength (+6).
   rF:        It protects you from fire.
   rC:        It protects you from cold.
 k - a ring of protection from cold (right hand)
Scrolls
 a - a scroll of identify
Potions
 d - 3 potions of might
 e - a potion of mutation
 i - 2 potions of curing
 m - a potion of haste
 n - a potion of magic {unknown}
 o - a potion of attraction {unknown}
 p - a potion of lignification
 q - a potion of cancellation {unknown}
 t - a potion of invisibility {unknown}

Dungeon Overview and Level Annotations

Branches:
Dungeon (9/15)             Temple (1/1) D:4
   Lair: D:8-11         Orc: D:9-12

Altars:
Ashenzari
Dithmenos
Elyvilon
Fedhas
Gozag
Hepliaklqana
Kikubaaqudgha
Makhleb
Okawaru
Qazlal
Ru
Sif Muna
Trog
Vehumet
Wu Jian
Xom
Yredelemnul
Zin
The Shining One
Jiyva

Shops:
D:1 (   D:3 (   D:5 ?[[(   D:6 !

Annotations:
D:3 1 runed translucent door, Crazy Yiuf


Message History

You kill the electric eel!
Okawaru accepts your kill.
You hear a splash.
You barely miss the gnoll. You slash the electric eel!
You kill the electric eel!
Okawaru accepts your kill.
You hear a splash.
The electric eel shoots out a bolt of lightning at you!
The bolt of electricity hits you but does no damage.
You resist. You block the gnoll sergeant's attack.
An orc priest comes into view. It is wielding a +0 hand axe.
The orc priest shouts!
Your base Armour skill increases to level 5!
You hit the gnoll but do no damage. The gnoll barely misses you.
The gnoll hits you from afar with a +0 halberd.
The gnoll sergeant hits you but does no damage.
You closely miss the troll. You slash the gnoll!
You kill the gnoll!
Okawaru accepts your kill.
You slash the gnoll! The gnoll closely misses you.
The gnoll hits you but does no damage. The gnoll sergeant barely misses you.
The electric eel shoots out a bolt of lightning at you!
The bolt of electricity hits you but does no damage.
The troll completely misses you. You block the troll's attack.
The troll claws you.
You barely miss the gnoll.
The gnoll is heavily wounded.
You slash the troll!
An orc comes into view. It is wielding a +0 trident.
The gnoll hits you but does no damage. x2
The gnoll sergeant hits you from afar with a +6 spear of pain!
You writhe in agony.
The troll bites you! You block the troll's attack.
The troll closely misses you.
You barely miss the gnoll.
The gnoll is heavily wounded.
You completely miss the troll.
The gnoll splashes around in the water.
The gnoll hits you with a +0 flail.
You die...

~~. #..# ~~~~...
##.#
~~~....####'###
~~.~~.......<.#
~~~~~.........+
~.~~~~........#
.~~~~~~.......##..
.~h~~~~T...........
.hh~~~~@g..........
.hh~~~%)..#8###8###
~hh~~~ggg.### ##
~~~~S)~o...?
~~~~~.o......
~~~~.~.#####'#
~~.~~.o .# ..~....
#


You could see a troll, a gnoll sergeant, 4 wolves, 3 hounds, an electric eel, an
orc priest, 3 gnolls and 2 orcs.

Vanquished Creatures
  Sigmund (D:6)
  A wyvern (D:8)
  A water moccasin (D:8)
  A sky beast (D:6)
  An ogre (D:6)
  2 ice beasts
  A centaur (D:6)
  A kobold brigand (D:7)
  2 phantoms
  A gnoll sergeant (D:8)
  A bullfrog (D:6)
  2 necrophages
  4 scorpions
  3 wights (D:5)
  6 killer bees (D:8)
  2 electric eels (D:9)
  2 howler monkeys
  3 orc priests
  A gnoll bouda (D:6)
  3 hounds
  Ijyb (D:3)
  7 iguanas
  An orc wizard (D:7)
  9 gnolls
  5 adders
  A white imp (D:6)
  3 ufetubi
  A worm (D:5)
  2 dart slugs
  13 orcs
  5 endoplasms
  3 giant cockroaches
  7 goblins
  5 hobgoblins
  4 jackals (D:3)
  11 kobolds
  3 quokkas
  5 ball pythons
  3 bats (D:2)
  4 frilled lizards
  A gnoll zombie (D:6)
  4 rats
137 creatures vanquished.

Vanquished Creatures (others)
  A gnoll (D:9)
1 creature vanquished.

Grand Total: 138 creatures vanquished

Notes
Turn   | Place    | Note
-------+----------+-------------------------------------------
     0 | D:1      | qw the Gargoyle Fighter began the quest for the Orb.
     0 | D:1      | Reached XP level 1. HP: 14/14 MP: 1/1
     0 | D:1      | 0 ||| qw: Version: 0.2-a-12-gaebbb33
     0 | D:1      | 0 ||| qw: Game counter: 1550
     0 | D:1      | 0 ||| qw: Always use a shield: true
     0 | D:1      | 0 ||| qw: God list: Okawaru
     0 | D:1      | 0 ||| qw: Allow faded altars: false
     0 | D:1      | 0 ||| qw: Do Orc after D:15 true
     0 | D:1      | 0 ||| qw: Do second Lair branch before Depths: true
     0 | D:1      | 0 ||| qw: Lair rune preference: random
     0 | D:1      | 0 ||| qw: Plans: Normal, Zot:1-4, God:TSO, Crypt, Tomb,
                  | Pan, Slime:5, Hells, Abyss, Orb
     0 | D:1      | 0 ||| PLANNING D:1-11
    86 | D:1      | Reached skill level 2 in Axes
   307 | D:1      | Reached XP level 2. HP: 19/19 MP: 2/2
   368 | D:1      | Found Hurefora's Weapon Boutique.
   382 | D:1      | 382 ||| SHOPLISTING +0 whip (35 gold, have 31).
   654 | D:1      | 654 ||| READING 2 scrolls labelled REF ETIBETEE.
   655 | D:1      | 655 ||| READING scroll labelled BUSTEI TEYWNO.
   748 | D:2      | Identified the +2 pair of boots of Kurafep {Harm +Inv rF-
                  | Dex-3}
   792 | D:2      | Found a faded altar of an unknown god.
   797 | D:2      | 797 ||| Stepping ~*~*~tactically~*~*~ (stealth).
   863 | D:2      | 863 ||| Stepping ~*~*~tactically~*~*~ (stealth).
  1005 | D:2      | Reached skill level 3 in Axes
  1299 | D:2      | 1299 ||| DROPPING amulet of magic regeneration.
  1300 | D:2      | 1300 ||| READING scroll labelled WYEPSA SUAX.
  1301 | D:2      | 1301 ||| READING scroll labelled LAUT PUDIM.
  1302 | D:2      | 1302 ||| READING scroll labelled UNAESUUHUQ.
  1303 | D:2      | 1303 ||| READING scroll labelled CENEIH OFICVI.
  1304 | D:2      | 1304 ||| DRINKING 2 bubbling red potions.
  1337 | D:3      | 1337 ||| Stepping ~*~*~tactically~*~*~ (stealth).
  1343 | D:3      | Reached XP level 3. HP: 23/23 MP: 3/3
  1453 | D:3      | Identified the ring "Zibatou" {rF+ rC+ Str+6}
  1503 | D:3      | 1503 ||| Stepping ~*~*~tactically~*~*~ (stealth).
  1507 | D:3      | 1507 ||| Stepping ~*~*~tactically~*~*~ (stealth).
  1819 | D:3      | Found a stormy altar of Qazlal.
  1823 | D:3      | Found Impinler's Weapon Boutique.
  1842 | D:3      | 1842 ||| BUYING +0 whip (25 gold).
  1842 | D:3      | Bought a +0 whip for 25 gold pieces
  1842 | D:3      | 1842 ||| DROPPING +0 club.
  1954 | D:3      | Found a runed translucent door.
  1955 | D:3      | Noticed Crazy Yiuf
  1984 | D:3      | Found a burning altar of Makhleb.
  2060 | D:3      | 2060 ||| Stepping ~*~*~tactically~*~*~ (hiding).
  2061 | D:3      | 2061 ||| Stepping ~*~*~tactically~*~*~ (hiding).
  2082 | D:3      | Noticed Ijyb
  2083 | D:3      | 2083 ||| Stepping ~*~*~tactically~*~*~ (hiding).
  2084 | D:3      | 2084 ||| Stepping ~*~*~tactically~*~*~ (hiding).
  2090 | D:3      | Paralysed by Ijyb for 5 turns
  2099 | D:3      | Paralysed by Ijyb for 4 turns
  2103 | D:3      | Killed Ijyb
  2104 | D:3      | Reached skill level 1 in Throwing
  2104 | D:3      | Reached XP level 4. HP: 17/28 MP: 4/4
  2309 | D:3      | 2309 ||| UPGRADING to ring "Zibatou" {rF+ rC+ Str+6}.
  2310 | D:3      | 2310 ||| UPGRADING to ring of protection from cold.
  2311 | D:3      | 2311 ||| READING scroll labelled XOFUMP UFAR.
  2312 | D:3      | 2312 ||| DRINKING 2 amethyst potions.
  2442 | D:4      | 2442 ||| Stepping ~*~*~tactically~*~*~ (stealth).
  2663 | D:4      | 2663 ||| Stepping ~*~*~tactically~*~*~ (hiding).
  2664 | D:4      | 2664 ||| Stepping ~*~*~tactically~*~*~ (hiding).
  2669 | D:4      | 2669 ||| Stepping ~*~*~tactically~*~*~ (hiding).
  2670 | D:4      | 2670 ||| Stepping ~*~*~tactically~*~*~ (hiding).
  2671 | D:4      | 2671 ||| Stepping ~*~*~tactically~*~*~ (hiding).
  2672 | D:4      | 2672 ||| Stepping ~*~*~tactically~*~*~ (hiding).
  2673 | D:4      | 2673 ||| Stepping ~*~*~tactically~*~*~ (hiding).
  2719 | D:4      | 2719 ||| Stepping ~*~*~tactically~*~*~ (stealth).
  2720 | D:4      | 2720 ||| Stepping ~*~*~tactically~*~*~ (stealth).
  2722 | D:4      | 2722 ||| Stepping ~*~*~tactically~*~*~ (stealth).
  2729 | D:4      | Reached skill level 4 in Axes
  2729 | D:4      | Reached XP level 5. HP: 25/32 MP: 5/5
  2852 | D:4      | Found a staircase to the Ecumenical Temple.
  2853 | D:4      | 2853 ||| PLANNING TEMPLE
  2853 | D:4      | 2853 ||| DRINKING 2 ruby potions.
  2853 | D:4      | Gained mutation: You possess an exceptional clarity of
                  | mind. [potion of mutation]
  2853 | D:4      | Gained mutation: Your flesh is cold resistant. (rC+)
                  | [potion of mutation]
  2853 | D:4      | Gained mutation: Your spells are a little harder to cast,
                  | but a little more powerful. [potion of mutation]
  2862 | Temple   | Entered the Ecumenical Temple
  2886 | Temple   | 2886 ||| PLANNING OKAWARU WORSHIP
  3018 | Temple   | Became a worshipper of Warmaster Okawaru
  3019 | Temple   | 3019 ||| PLANNING D:1-11
  3072 | D:4      | 3072 ||| DROPPING +0 whip.
  3085 | D:4      | 3085 ||| Stepping ~*~*~tactically~*~*~ (stealth).
  3086 | D:4      | 3086 ||| Stepping ~*~*~tactically~*~*~ (stealth).
  3527 | D:4      | 3527 ||| DROPPING scarf of shadows.
  3528 | D:4      | 3528 ||| READING scroll labelled RIOHAY URCHEA.
  3557 | D:5      | Entered Level 5 of the Dungeon
  3558 | D:5      | 3558 ||| STAIRDANCE
  3676 | D:5      | 3676 ||| STAIRDANCE
  3859 | D:5      | Reached skill level 5 in Axes
  3875 | D:5      | Found Alunoen's Armour Shoppe.
  3886 | D:5      | 3886 ||| BUYING +0 cloak of willpower (161 gold).
  3886 | D:5      | Bought a +0 cloak of willpower for 161 gold pieces
  3886 | D:5      | 3886 ||| SHOPLISTING +0 fire dragon scales (840 gold, have
                  | 69).
  3886 | D:5      | 3886 ||| BUYING +0 helmet (63 gold).
  3886 | D:5      | Bought a +0 helmet for 63 gold pieces
  3899 | D:5      | 3899 ||| Stepping ~*~*~tactically~*~*~ (stealth).
  3901 | D:5      | 3901 ||| Stepping ~*~*~tactically~*~*~ (hiding).
  3904 | D:5      | 3904 ||| Stepping ~*~*~tactically~*~*~ (hiding).
  3909 | D:5      | HP: 7/32 [wight/+0 spear (2)]
  3913 | D:5      | HP: 3/32 [wight/+0 spear (1)]
  3914 | D:5      | Reached skill level 1 in Dodging
  3914 | D:5      | Reached XP level 6. HP: 4/37 MP: 6/6
  4194 | D:5      | Found an ancient bone altar of Kikubaaqudgha.
  4200 | D:5      | Reached * piety under Okawaru
  4210 | D:5      | 4210 ||| INVOKING Heroism.
  4212 | D:5      | Reached skill level 1 in Invocations
  4391 | D:5      | Found a sacrificial altar of Ru.
  4448 | D:5      | 4448 ||| INVOKING Heroism.
  4452 | D:5      | Reached XP level 7. HP: 21/43 MP: 4/7
  4649 | D:5      | Found Kaph's Magic Scroll Boutique.
  4654 | D:5      | 4654 ||| SHOPLISTING scroll of teleportation (42 gold, have
                  | 6).
  4778 | D:5      | 4778 ||| INVOKING Heroism.
  4913 | D:5      | Reached skill level 6 in Axes
  5061 | D:5      | Found Duhomy's Antique Armour Boutique.
  5062 | D:5      | Found Leirolo's Antique Weapon Shoppe.
  5067 | D:5      | Reached skill level 3 in Invocations
  5072 | D:5      | 5072 ||| SHOPLISTING scorched scale mail (270 gold, have
                  | 6).
  5072 | D:5      | 5072 ||| SHOPLISTING shiny chain mail (225 gold, have 6).
  5228 | D:5      | Found a bloodstained altar of Trog.
  5230 | D:5      | 5230 ||| INVOKING Heroism.
  5263 | D:5      | 5263 ||| UPGRADING to +0 chain mail.
  5273 | D:5      | 5273 ||| DROPPING +0 scale mail.
  5274 | D:5      | 5274 ||| UPGRADING to +0 cloak of willpower.
  5279 | D:5      | 5279 ||| UPGRADING to +0 helmet.
  5284 | D:5      | 5284 ||| READING scroll of enchant armour.
  5284 | D:5      | 5284 ||| ENCHANTING +0 helmet.
  5285 | D:5      | 5285 ||| DROPPING +6 ring of intelligence.
  5286 | D:5      | 5286 ||| READING scroll labelled TASEIJ YGGOV.
  5287 | D:5      | 5287 ||| DRINKING 2 orange potions.
  5288 | D:5      | 5288 ||| DROPPING potion of flight.
  5356 | D:6      | 5356 ||| PLANNING OSSUARY
  5395 | D:6      | 5395 ||| INVOKING Heroism.
  5404 | D:6      | Reached XP level 8. HP: 36/48 MP: 7/10
  5554 | D:6      | Reached ** piety under Okawaru
  5555 | D:6      | Reached skill level 7 in Axes
  5764 | D:6      | Found Recemeha's Distillery.
  5772 | D:6      | 5772 ||| SHOPLISTING 2 potions of curing (84 gold, have
                  | 21).
  5772 | D:6      | 5772 ||| SHOPLISTING potion of attraction (42 gold, have
                  | 21).
  5772 | D:6      | 5772 ||| SHOPLISTING potion of haste (140 gold, have 21).
  5772 | D:6      | 5772 ||| SHOPLISTING potion of heal wounds (70 gold, have
                  | 21).
  5772 | D:6      | 5772 ||| SHOPLISTING potion of lignification (42 gold, have
                  | 21).
  5811 | D:6      | Noticed Sigmund
  5812 | D:6      | 5812 ||| INVOKING Heroism.
  5822 | D:6      | Killed Sigmund
  5894 | D:6      | Reached skill level 8 in Axes
  6029 | D:6      | 6029 ||| RIP OSSUARY
  6030 | D:6      | 6030 ||| PLANNING D:1-11
  6121 | D:6      | 6121 ||| INVOKING Heroism.
  6123 | D:6      | HP: 12/49 [ogre/+0 giant club (16)]
  6124 | D:6      | 6124 ||| READING scroll of teleportation.
  6474 | D:6      | 6474 ||| Stepping ~*~*~tactically~*~*~ (stealth).
  6476 | D:6      | 6476 ||| INVOKING Heroism.
  6527 | D:6      | 6527 ||| Stepping ~*~*~tactically~*~*~ (hiding).
  6529 | D:6      | 6529 ||| Stepping ~*~*~tactically~*~*~ (hiding).
  6535 | D:6      | Reached *** piety under Okawaru
  6536 | D:6      | Reached XP level 9. HP: 52/55 MP: 12/12
  6664 | D:6      | 6664 ||| READING scroll labelled EMOTAS WYRU.
  6699 | D:7      | 6699 ||| INVOKING Heroism.
  6700 | D:7      | 6700 ||| STAIRDANCE
  6708 | D:6      | Reached skill level 6 in Fighting
  6717 | D:6      | 6717 ||| DROPPING +2 whip of electrocution.
  6721 | D:7      | 6721 ||| STAIRDANCE
  7208 | D:7      | 7208 ||| DROPPING +1 hat.
  7209 | D:7      | 7209 ||| READING 2 scrolls of identify.
  7209 | D:7      | 7209 ||| IDENTIFYING brown potion
  7210 | D:7      | 7210 ||| DROPPING potion of brilliance.
  7336 | D:8      | 7336 ||| Stepping ~*~*~tactically~*~*~ (stealth).
  7339 | D:8      | 7339 ||| INVOKING Heroism.
  7356 | D:8      | Reached skill level 9 in Axes
  7560 | D:8      | Found a broken altar of Ashenzari.
  7587 | D:8      | 7587 ||| Stepping ~*~*~tactically~*~*~ (hiding).
  7592 | D:8      | 7592 ||| INVOKING Heroism.
  7689 | D:8      | 7689 ||| DROPPING +2 mace of protection.
  7753 | D:8      | 7753 ||| Stepping ~*~*~tactically~*~*~ (stealth).
  7826 | D:8      | Found a glowing golden altar of the Shining One.
  7838 | D:8      | Found a basalt altar of Yredelemnul.
  8275 | D:8      | 8275 ||| DRINKING 2 sedimented dark potions.
  8376 | D:8      | 8376 ||| READING 2 scrolls of identify.
  8376 | D:8      | 8376 ||| IDENTIFYING blue potion
  8377 | D:8      | 8377 ||| DROPPING potion of ambrosia.
  8403 | D:9      | 8403 ||| INVOKING Heroism.
  8409 | D:9      | Noticed a troll
  8420 | D:9      | HP: 14/57 [gnoll sergeant/+6 spear of pain (1)]
  8420 | D:9      | HP: 2/57 [troll (12)]
  8421 | D:9      | Slain by a gnoll

Levels and vault maps discovered:
D:1:      dpeg_arrival_yet_another_circle, layout_rooms, serial_shops,
          nicolae_shop_hallway_plus
D:2:      layout_basic, ebering_ecumenical_altar_sacrificial
D:3:      layout_basic, lightli_temple_of_fire, grunt_qazlal_clouds,
          serial_shops, shop, uniq_crazy_yiuf_cottage, uniq_ijyb
D:4:      layout_gridville, minmay_temple_entry_offerings, minmay_crystal_room
D:5:      layout_loops_ring, trog_hazing_becter, kiku_gazebo_pond_becter,
          lemuel_doored_altar, serial_shops, shop, shop, shop_statue, shop,
          minivault_23
D:6:      layout_gridville, enter_ossuary_3, kennysheep_windowed_goal,
          uniq_sigmund
D:7:      layout_cave_pools
D:8:      layout_basic, nicolae_ashenzari_panopticon, lemuel_tele_altar,
          nicolae_overflow_crystal_walls, chequers_serial_rivers_small_3
D:9:      layout_roguey, mainiacjoe_overflow_alcove_2, erik_lair_island,
          serial_corexii_hall, chequers_hall_statues_y,
          chequers_hall_statues_corner_a, uniq_erolcha, uniq_erica
Temple:   pf_slime_end_temple

Skill      XL: |  1  2  3  4  5  6  7  8  9 |
---------------+----------------------------+-----
Axes           | 2 3 4 5 6 8 9 |  9.0
Throwing       | 1 2 |  2.0
Dodging        | 1 |  1.5
Fighting       | 4 5 7 |  7.0
Invocations    | 1 3 4 |  4.0
Armour         | 4 5 |  5.2
Shields        | 4 |  4.0

Action                   |  1- 3 |  4- 6 |  7- 9 || total
-------------------------+-------+-------+-------++-------
Melee: War axe           |   119 |    66 |   257 ||   442
Throw: Javelin           |     2 |    24 |    39 ||    65
Invok: Heroism           |       |     2 |    10 ||    12
  Use: Scroll            |     6 |     2 |     6 ||    14
       Potion            |     1 |     2 |     2 ||     5
Armor: Scale mail        |    57 |    25 |    16 ||    98
       Chain mail        |       |       |   155 ||   155
Dodge: Dodged            |    54 |    27 |   107 ||   188
Block: Buckler           |    19 |     9 |    53 ||    81

Table legend:
 A = Non-vault XP
 B = Vault XP
 C = Vault XP percentage of total XP
 D = Non-vault monster count
 E = Vault monster count
 F = Vault count percentage of total count
                 A         B        C        D         E       F
            +---------+---------+-------+---------+---------+-------
      Total |    3562 |     393 |   9.9 |     125 |      12 |   8.8
            +---------+---------+-------+---------+---------+-------
        D:1 |      16 |       0 |   0.0 |      11 |       0 |   0.0
        D:2 |      16 |       0 |   0.0 |       9 |       0 |   0.0
        D:3 |      46 |      36 |  43.9 |      20 |       1 |   4.8
        D:4 |     124 |       0 |   0.0 |      18 |       0 |   0.0
        D:5 |     851 |      12 |   1.4 |      16 |       6 |  27.3
        D:6 |    1065 |     345 |  24.5 |      23 |       5 |  17.9
        D:7 |     346 |       0 |   0.0 |       8 |       0 |   0.0
        D:8 |     974 |       0 |   0.0 |      17 |       0 |   0.0
        D:9 |     124 |       0 |   0.0 |       3 |       0 |   0.0
            +---------+---------+-------+---------+---------+-------
